 Dungeon Crawl Stone Soup version 0.22.0-27-ga576289601 (webtiles) character file.

6927 Ivo the Skirmisher (level 11, -8/84 HPs)
             Began as a Human Wanderer on Aug 21, 2018.
             Mangled by a spiny frog (10 damage)
             ... on level 1 of the Lair of Beasts.
             The game lasted 01:39:35 (10217 turns).

Ivo the Skirmisher (Human Wanderer)                Turns: 10217, Time: 01:39:39

Health: -8/84      AC: 17    Str: 14    XL:     11   Next: 27%
Magic:  12/12      EV:  9    Int: 19    God:
Gold:   497        SH:  5    Dex: 13    Spells: 12/12 levels left

rFire    + . .     SeeInvis .   a - +3 mace
rCold    + + .     Gourm    .   r - +0 buckler
rNeg     + . .     Faith    .   R - +2 chain mail {rC+}
rPois    +         Spirit   .   x - +1 hat
rElec    +         Reflect  .   N - +1 cloak {+Inv}
rCorr    +         Harm     .   s - +0 pair of gloves
MR       .....                  (no boots)
Stlth    ..........             O - amulet of the acrobat
HPRegen  0.24/turn              l - +3 ring of slaying
MPRegen  0.13/turn              B - ring of positive energy

@: brilliant, lethally poisoned (-8 -> -39), resistant
A: no striking features
a: Evoke Invisibility


You were on level 1 of the Lair of Beasts.
You were not hungry.

You visited 2 branches of the dungeon, and saw 11 of its levels.

You collected 497 gold pieces.

Inventory:

Hand Weapons
 a - a +3 mace (weapon)
 k - a +0 mace
 t - a +3 quarterstaff of chaos
 A - a +4 dire flail of freezing
 G - a cursed -2 flail
 K - a +2 dire flail of protection
Missiles
 e - 142 stones
 M - 7 tomahawks (quivered)
Armour
 b - a +0 ring mail
 r - a +0 buckler (worn)
 s - a +0 pair of gloves (worn)
 v - a +3 ring mail
 x - a +1 hat (worn)
 y - a +0 cloak
 N - a +1 cloak of invisibility (worn)
 R - a +2 chain mail of cold resistance (worn)
 V - a +0 cloak of invisibility
Jewellery
 f - an uncursed ring of teleportation
 l - a +3 ring of slaying (left hand)
 B - a ring of positive energy (right hand)
 E - an uncursed ring of stealth
 L - an uncursed amulet of faith
 O - an amulet of the acrobat (around neck)
 Q - a -3 ring of strength
 U - a +4 ring of dexterity
Wands
 u - a wand of iceblast (4)
 H - a wand of acid (3)
 I - a wand of random effects (28)
 J - a wand of disintegration (30)
Scrolls
 h - 5 scrolls of identify
 F - a scroll of magic mapping
Potions
 g - a potion of mutation {unknown}
 j - 2 potions of flight
 n - 4 potions of magic
 p - a potion of cancellation {unknown}
 q - 2 potions of ambrosia
 z - 3 potions of degeneration
 C - 3 potions of agility
 D - 2 potions of might
Comestibles
 d - 20 rations


   Skills:
 + Level 7.5 Fighting
 + Level 6.8 Maces & Flails
 + Level 6.8 Throwing
 + Level 6.9 Armour
 + Level 6.7 Dodging
 - Level 1.0 Stealth
 + Level 6.4 Shields
 - Level 1.0 Spellcasting
   Level 1.0 Conjurations
   Level 1.0 Translocations


You had 12 spell levels left.
You didn't know any spells.
Your spell library contained the following spells:

 Spells                   Type           Power        Failure   Level  Hunger
 Apportation              Tloc           ###...       22%         1    ##.....
 Animate Skeleton         Necr           N/A          32%         1    ##.....
 Confusing Touch          Hex            ##....       32%         1    ##.....
 Summon Butterflies       Summ           ##......     32%         1    ##.....
 Summon Small Mammal      Summ           ##..         32%         1    ##.....
 Lesser Beckoning         Tloc           ###.......   50%         3    ####...
 Tukima's Dance           Hex            ##......     63%         3    ####...
 Alistair's Intoxication  Tmut/Pois      ##......     99%         5    ######.
 Invisibility             Hex            ##......     100%        6    #######


Dungeon Overview and Level Annotations

Branches:
Dungeon (10/15)            Temple (0/1) D:4            Lair (1/6) D:10
    Orc (0/2) D:9

Altars:
Ashenzari
Fedhas
Makhleb
Okawaru
Ru
Trog
Uskayaw
Wu Jian
Yredelemnul

Shops:
D:7 %

Annotations:
D:6 Sigmund
D:9 Erolcha


Message History

The spiny frog poisons you!
It was a potion of brilliance.
You feel clever all of a sudden.
* * * LOW HITPOINT WARNING * * *
You feel very sick. The spiny frog barely misses you.
It was a potion of resistance.
You feel protected.
* * * LOW HITPOINT WARNING * * *
You feel very sick. You block the spiny frog's attack.
As you read the scroll labeled WOSIRO ROCYSEG, it crumbles to dust.
It is a scroll of enchant armour.
Your +1 chain mail of cold resistance glows green for a moment.
* * * LOW HITPOINT WARNING * * *
You feel very sick. The spiny frog stings you!
* * * LOW HITPOINT WARNING * * *
The spiny frog stings you!
You die...

*,* *..* *** *,*
*#.##********,* **,**
#..##,*,*,,,** ***,,.#*
#...,,,,,,*,* *,,,...#*
#..##***,**,**
*,,,....#*#.h.# ****,,**
,,,,.....##.#H####*,,,,,*
,,.........###lF.#*,,,,,*
,,.......#..#.##@#,,,,,,*
*,.........hh#####,,,,,,***
,,...........####,,,,,,,,,*
,**.............#,,,,,,,,,*
#####.........###*,,,,,,***
..............#*,**,,,,,*
##.##.........#*,***,,,,*
#####........#*,* **∩***
##.....###,,** ***


You could see a komodo dragon, a hippogriff, a spiny frog and a wolf.

Vanquished Creatures
  A death yak (D:8)
  Maurice (D:9)
  A polar bear (D:8)
  A troll (D:9)
  A yak (D:7)
  3 fire bats (Lair:1)
  3 hogs (D:6)
  2 humans (D:7)
  A hungry ghost (D:8)
  Edmund (D:6)
  A water moccasin (Lair:1)
  2 porcupines (D:10)
  3 sky beasts
  2 ice beasts (D:9)
  2 black bears
  An orc warrior (D:9)
  2 ogres
  A necrophage (D:9)
  2 phantoms
  5 centaurs
  3 big kobolds
  4 bullfrogs
  A scorpion (D:9)
  5 wights (D:7)
  4 howler monkeys
  3 crimson imps
  A quasit (D:8)
  Crazy Yiuf (D:3)
  10 hounds
  A human zombie (D:7)
  7 orc wizards
  A bullfrog skeleton (D:6)
  A centaur skeleton (D:5)
  Ijyb (D:3)
  4 worker ants
  Terence (D:3)
  A hound zombie (D:6)
  A hound skeleton (D:4)
  A howler monkey zombie (D:6)
  5 gnolls
  A howler monkey skeleton (D:4)
  13 adders
  3 white imps (D:9)
  3 ufetubi (D:9)
  3 oozes
  An adder skeleton (D:9)
  2 dart slugs
  3 worms
  7 leopard geckos
  25 orcs
  8 giant cockroaches
  8 goblins
  5 hobgoblins
  21 jackals
  10 kobolds
  5 quokkas
  10 bats
  2 frilled lizards (D:4)
  4 rats
226 creatures vanquished.

Vanquished Creatures (others)
  An adder (D:7)
  A kobold (D:7)
  A kobold zombie (D:7)
  A fungus (Lair:1)
4 creatures vanquished.

Grand Total: 230 creatures vanquished

Notes
Turn   | Place    | Note
-------+----------+-------------------------------------------
     0 | D:1      | Ivo the Human Wanderer began the quest for the Orb.
     0 | D:1      | Ivo set off with: a +2 mace, a +0 ring mail, a scroll of teleportation, a ration
     0 | D:1      | Reached XP level 1. HP: 18/18 MP: 2/2
   107 | D:1      | Reached XP level 2. HP: 7/24 MP: 3/3
   330 | D:1      | Reached XP level 3. HP: 15/29 MP: 4/4
  1109 | D:2      | Reached skill level 1 in Dodging
  1327 | D:2      | Reached XP level 4. HP: 35/35 MP: 5/5
  2018 | D:2      | Reached XP level 5. HP: 29/41 MP: 6/6
  2293 | D:3      | Found a bloodstained altar of Trog.
  2497 | D:3      | Found an iron altar of Okawaru.
  2499 | D:3      | Found a sacrificial altar of Ru.
  2499 | D:3      | Found an ornate altar of the Wu Jian Council.
  2725 | D:3      | Noticed Ijyb
  2750 | D:3      | Killed Ijyb
  2984 | D:3      | Noticed Terence
  3001 | D:3      | Killed Terence
  3001 | D:3      | Reached skill level 1 in Shields
  3174 | D:3      | Found a runed door.
  3243 | D:3      | Reached XP level 6. HP: 48/48 MP: 7/7
  3420 | D:3      | Noticed Crazy Yiuf
  3428 | D:3      | Killed Crazy Yiuf
  3555 | D:4      | Reached skill level 4 in Fighting
  3679 | D:4      | Reached XP level 7. HP: 41/54 MP: 8/8
  3871 | D:4      | Found a staircase to the Ecumenical Temple.
  4129 | D:4      | Found a burning altar of Makhleb.
  4129 | D:4      | Noticed a blizzard demon
  4132 | D:4      | Noticed a smoke demon
  4132 | D:4      | Noticed a hellwing
  4224 | D:5      | Entered Level 5 of the Dungeon
  4473 | D:5      | Reached XP level 8. HP: 61/61 MP: 9/9
  4900 | D:6      | Noticed Edmund
  4923 | D:6      | Killed Edmund
  4998 | D:6      | Noticed Sigmund
  5078 | D:7      | Found a runed door.
  5078 | D:7      | Noticed a human
  5081 | D:7      | Found a basalt altar of Yredelemnul.
  5110 | D:7      | Killed a human
  5110 | D:7      | Reached skill level 5 in Fighting
  5133 | D:7      | Found Sepp's Food Shoppe.
  5189 | D:7      | Reached XP level 9. HP: 45/68 MP: 10/10
  5596 | D:6      | Found a hide-covered altar of Uskayaw.
  5903 | D:6      | Reached skill level 5 in Maces & Flails
  5903 | D:6      | Reached skill level 5 in Armour
  5928 | D:6      | Reached skill level 5 in Throwing
  5959 | D:6      | Reached skill level 5 in Dodging
  5986 | D:6      | Reached skill level 6 in Fighting
  6149 | D:6      | Reached XP level 10. HP: 73/76 MP: 11/11
  6324 | D:6      | Reached skill level 5 in Shields
  7319 | D:8      | Found a blossoming altar of Fedhas.
  7402 | D:8      | Found a shattered altar of Ashenzari.
  8111 | D:9      | Noticed a death yak
  8111 | D:9      | Noticed Erolcha
  8144 | D:10     | Entered Level 10 of the Dungeon
  8144 | D:10     | Found a staircase to the Lair.
  8144 | D:10     | Noticed a death yak
  8145 | D:10     | Noticed a death yak
  8146 | D:10     | Noticed a death yak
  8270 | D:9      | HP: 2/77 [death yak (10)]
  9053 | D:8      | Upgraded the game from 0.22.0-25-g7663229ff0 to 0.22.0-27-ga576289601
  9103 | D:9      | Reached skill level 7 in Fighting
  9165 | D:9      | Noticed Maurice
  9200 | D:9      | Killed Maurice
  9413 | D:8      | Killed a death yak
  9413 | D:8      | Reached XP level 11. HP: 51/84 MP: 12/12
  9856 | D:9      | Found a staircase to the Orcish Mines.
  9934 | Lair:1   | Entered Level 1 of the Lair of Beasts
 10217 | Lair:1   | HP: 2/84 [spiny frog (9)]
 10217 | Lair:1   | Mangled by a spiny frog

Skill      XL: |  1  2  3  4  5  6  7  8  9 10 |
---------------+-------------------------------+-----
Dodging        | 1 2 3 4 5 6 |  6.7
Maces & Flails | 2 3 4 5 6 |  6.8
Throwing       | 2 3 4 5 6 |  6.8
Armour         | 2 3 4 5 6 |  6.9
Shields        | 1 2 3 4 6 |  6.4
Fighting       | 4 5 6 7 |  7.5
Stealth        | |  1.0
Spellcasting   | |  1.0
Conjurations   | |  1.0
Translocations | |  1.0

Action                   |  1- 3 |  4- 6 |  7- 9 | 10-12 || total
-------------------------+-------+-------+-------+-------++-------
Melee: Mace              |    77 |   195 |   157 |   329 ||   758
       Dire flail        |       |       |   144 |    25 ||   169
Throw: Stone             |    54 |    43 |    32 |   103 ||   232
       Tomahawk          |       |       |       |     5 ||     5
Evoke: Wand              |       |       |     3 |     2 ||     5
  Use: Scroll            |       |     5 |     5 |    11 ||    21
       Potion            |       |       |     4 |    11 ||    15
  Eat: Chunk             |     1 |     8 |     9 |    10 ||    28
       Ration            |       |       |       |     2 ||     2
Armor: Ring mail         |    44 |    86 |   137 |     5 ||   272
       Chain mail        |       |       |       |   257 ||   257
Dodge: Dodged            |    52 |   115 |   218 |   220 ||   605
Block: Buckler           |       |    23 |    48 |   110 ||   181
